[ AOE2 MATCH · #492721452 ]
UnrankedItalians vs Aztecs
[ REPLAY ANALYSIS · EXTRACTED FROM THE RECORDED GAME ]
Feudal
11:57
Castle
15:55
Imperial
—
| APM avg | 41.6 |
| APM peak | 82 |
| eAPM avg | 22.2 |
| Villagers / military | 33 / 7 |
Focus
⚔️ 48.2% · 🌾 51.8%
Unknown (2626) ×61 · Fishing Ship ×27 · Monk ×6 · Transport Ship ×1
Feudal
10:58
Castle
15:00
Imperial
—
| APM avg | 28.7 |
| APM peak | 66 |
| eAPM avg | 18.2 |
| Villagers / military | 30 / 21 |
Focus
⚔️ 38.3% · 🌾 61.7%
Unknown (2626) ×35 · Fishing Ship ×25 · Mangonel ×11 · Monk ×7 · Fire Galley ×2 · Transport Ship ×1
Feudal
10:36
Castle
19:04
Imperial
—
| APM avg | 43.6 |
| APM peak | 75 |
| eAPM avg | 28.7 |
| Villagers / military | 90 / 96 |
Focus
⚔️ 45.5% · 🌾 54.5%
Jaguar Warrior ×66 · Fishing Ship ×19 · Galley ×16 · Battering Ram ×10 · Monk ×2 · Mangonel ×2
Feudal
10:08
Castle
14:11
Imperial
—
| APM avg | 92.8 |
| APM peak | 178 |
| eAPM avg | 51.4 |
| Villagers / military | 181 / 59 |
Focus
⚔️ 50.0% · 🌾 50.0%
Archer ×41 · Fishing Ship ×11 · Longbowman ×10 · Mangonel ×8 · Unknown (2626) ×1
Feudal
10:58
Castle
15:53
Imperial
34:17
| APM avg | 51.5 |
| APM peak | 88 |
| eAPM avg | 20.2 |
| Villagers / military | 106 / 56 |
Focus
⚔️ 42.5% · 🌾 57.5%
Knight ×51 · Fishing Ship ×9 · Unknown (2626) ×9 · Scorpion ×4 · Monk ×1
Feudal
12:40
Castle
16:10
Imperial
31:00
| APM avg | 34.0 |
| APM peak | 54 |
| eAPM avg | 23.4 |
| Villagers / military | 91 / 47 |
Focus
⚔️ 45.6% · 🌾 54.4%
Fishing Ship ×54 · Unknown (2626) ×49 · Fire Galley ×32 · Knight ×14 · Monk ×1
Feudal
12:49
Castle
16:28
Imperial
—
| APM avg | 55.1 |
| APM peak | 101 |
| eAPM avg | 35.8 |
| Villagers / military | 122 / 66 |
Focus
⚔️ 61.1% · 🌾 38.9%
Knight ×25 · Fishing Ship ×19 · Scorpion ×17 · Scout Cavalry ×9 · Monk ×7 · Mangonel ×6
Feudal
10:41
Castle
18:58
Imperial
—
| APM avg | 38.7 |
| APM peak | 74 |
| eAPM avg | 22.5 |
| Villagers / military | 86 / 96 |
Focus
⚔️ 36.1% · 🌾 63.9%
Unknown (2626) ×62 · Fishing Ship ×48 · Fire Galley ×44 · Galley ×19 · Woad Raider ×19 · Demolition Raft ×12
Match map
Initial resources + every placement click. Lines = walls · curves = elevation contours. ◆ gold · ⬟ stone · ● berries · ✦ relic · ◌ wall gap
Your base· ✓ Map-separated
FUFU's base· ✓ Map-separated
Torpedo's base· ✓ Map-separated
Blaaaa's base· ✓ Map-separated
word马亚's base· ✓ Map-separated
Feather的貓's base· ✓ Map-separated
痛果牧羊人's base· ✓ Map-separated
0.o's base· ✓ Map-separated
Smoothed initial terrain · ◌ = detected wall gap · hover for details
Inputs per minute
— 騎豬打仗 - - FUFU
Build order — 騎豬打仗
146 actions detected in the replay
| 0:15 | Build | Dock |
| 0:57 | Create | Fishing Ship |
| 0:59 | Build | House |
| 1:02 | Build | House |
| 1:47 | Create | Fishing Ship |
| 2:20 | Build | Town Center |
| 2:49 | Create | Fishing Ship |
| 2:49 | Create | Fishing Ship |
| 3:31 | Create | Villager (Male) |
| 3:32 | Create | Villager (Male) |
| 3:56 | Create | Fishing Ship |
| 3:56 | Create | Fishing Ship |
| 4:12 | Build | House |
| 4:13 | Create | Villager (Male) |
| 4:14 | Create | Villager (Male) |
| 4:25 | Create | Fishing Ship |
| 4:25 | Create | Fishing Ship |
| 4:27 | Create | Villager (Male) |
| 4:28 | Create | Villager (Male) |
| 4:46 | Create | Fishing Ship |
| 5:01 | Build | House |
| 5:14 | Create | Fishing Ship |
| 5:14 | Create | Fishing Ship |
| 5:15 | Create | Villager (Male) |
| 5:42 | Research | Loom |
| 5:47 | Create | Villager (Male) |
| 6:08 | Build | Dock |
| 6:14 | Create | Villager (Male) |
| 6:16 | Create | Fishing Ship |
| 6:36 | Build | House |
| 6:46 | Create | Fishing Ship |
| 6:57 | Create | Fishing Ship |
| 6:57 | Create | Fishing Ship |
| 7:01 | Build | House |
| 7:03 | Create | Villager (Male) |
| 7:04 | Create | Villager (Male) |
| 7:08 | Create | Villager (Male) |
| 7:08 | Create | Villager (Male) |
| 7:20 | Create | Fishing Ship |
| 7:21 | Create | Fishing Ship |
| 7:21 | Create | Fishing Ship |
| 8:08 | Build | Dock |
| 8:18 | Create | Fishing Ship |
| 8:20 | Create | Villager (Male) |
| 8:24 | Build | Mining Camp |
| 8:39 | Build | Mining Camp |
| 8:45 | Create | Villager (Male) |
| 8:46 | Create | Fishing Ship |
| 8:46 | Create | Fishing Ship |
| 8:54 | Create | Villager (Male) |
| 9:09 | Create | Fishing Ship |
| 9:35 | Research | Feudal Age |
| 9:36 | Research | Feudal Age |
| 9:49 | Create | Fishing Ship |
| 9:49 | Create | Fishing Ship |
| 10:21 | Build | House |
| 10:44 | Build | House |
| 11:14 | Create | Villager (Male) |
| 11:17 | Create | Villager (Male) |
| 11:25 | Build | Mill |
| 11:57 | Age | Feudal Age |
| 12:02 | Create | Unit 2626 |
| 12:02 | Create | Unit 2626 |
| 12:02 | Create | Unit 2626 |
| 12:05 | Build | Market |
| 12:36 | Build | Blacksmith |
| 13:01 | Create | Unit 2626 |
| 13:01 | Create | Unit 2626 |
| 13:09 | Build | House |
| 13:15 | Research | Castle Age |
| 13:41 | Create | Unit 2626 |
| 13:41 | Create | Unit 2626 |
| 13:48 | Create | Unit 2626 |
| 13:48 | Create | Unit 2626 |
| 14:00 | Create | Unit 2626 |
| 14:01 | Create | Unit 2626 |
| 14:42 | Create | Unit 2626 ×2 |
| 14:43 | Create | Unit 2626 ×2 |
| 14:43 | Create | Unit 2626 ×2 |
| 14:56 | Create | Unit 2626 |
| 14:56 | Create | Unit 2626 |
| 15:22 | Create | Unit 2626 ×2 |
| 15:23 | Create | Unit 2626 |
| 15:25 | Create | Villager (Male) |
| 15:40 | Build | Dock |
| 15:55 | Age | Castle Age |
| 15:57 | Research | Tech 905 |
| 15:58 | Research | Tech 905 |
| 16:01 | Research | War Galley (upgrade) |
| 16:01 | Research | War Galley (upgrade) |
| 16:18 | Create | Unit 2626 ×4 |
| 16:18 | Create | Unit 2626 ×4 |
| 16:18 | Create | Unit 2626 ×4 |
| 16:19 | Create | Villager (Male) |
| 16:19 | Create | Villager (Male) |
| 16:24 | Build | Dock |
| 16:36 | Create | Unit 2626 |
| 16:36 | Create | Unit 2626 |
| 16:36 | Create | Unit 2626 |
| 16:42 | Research | War Galley (upgrade) |
| 16:42 | Research | War Galley (upgrade) |
| 16:50 | Create | Unit 2626 ×3 |
| 16:51 | Create | Unit 2626 ×3 |
| 16:54 | Create | Villager (Male) |
| 16:54 | Create | Villager (Male) |
| 17:06 | Create | Unit 2626 |
| 17:06 | Create | Unit 2626 |
| 17:15 | Build | Dock |
| 17:21 | Create | Villager (Male) |
| 17:21 | Create | Villager (Male) |
| 17:21 | Create | Villager (Male) |
| 17:25 | Create | Unit 2626 ×2 |
| 17:25 | Create | Unit 2626 ×2 |
| 17:25 | Create | Unit 2626 ×2 |
| 17:35 | Create | Monk |
| 17:36 | Create | Monk |
| 17:39 | Create | Villager (Male) |
| 17:39 | Create | Villager (Male) |
| 18:01 | Create | Unit 2626 ×3 |
| 18:01 | Create | Unit 2626 ×3 |
| 18:26 | Build | Town Center |
| 18:56 | Build | Palisade Wall |
| 18:57 | Build | Palisade Wall |
| 19:21 | Build | Lumber Camp |
| 19:28 | Build | Palisade Wall |
| 19:29 | Build | Palisade Wall |
| 19:31 | Build | Palisade Wall |
| 19:32 | Build | Palisade Wall |
| 19:49 | Create | Monk |
| 21:13 | Create | Monk |
| 21:14 | Create | Monk |
| 23:03 | Create | Monk |
| 24:33 | Create | Fishing Ship |
| 24:33 | Create | Fishing Ship |
| 24:33 | Create | Fishing Ship |
| 25:58 | Create | Villager (Male) |
| 25:58 | Create | Villager (Male) |
| 27:39 | Build | Lumber Camp |
| 27:49 | Create | Unit 2626 |
| 27:49 | Create | Unit 2626 |
| 27:55 | Create | Unit 2626 |
| 27:55 | Create | Unit 2626 |
| 28:13 | Create | Villager (Male) |
| 28:13 | Create | Villager (Male) |
| 28:13 | Create | Villager (Male) |
| 30:27 | Create | Transport Ship |
Build order — FUFU
First 150 of 152 actions detected
| 0:15 | Build | Dock |
| 0:22 | Build | House |
| 0:23 | Build | House |
| 1:26 | Build | Town Center |
| 1:46 | Create | Fishing Ship |
| 2:32 | Create | Villager (Male) |
| 2:32 | Create | Villager (Male) |
| 2:32 | Create | Villager (Male) |
| 2:45 | Create | Fishing Ship |
| 2:47 | Create | Villager (Male) |
| 3:24 | Create | Villager (Male) |
| 3:29 | Create | Fishing Ship |
| 3:48 | Build | House |
| 3:49 | Build | House |
| 3:50 | Create | Fishing Ship |
| 4:15 | Create | Villager (Male) |
| 4:29 | Build | Dock |
| 4:39 | Create | Fishing Ship |
| 4:56 | Build | House |
| 4:58 | Create | Villager (Male) |
| 5:04 | Create | Fishing Ship |
| 5:26 | Create | Villager (Male) |
| 5:29 | Create | Fishing Ship |
| 5:29 | Create | Fishing Ship |
| 5:41 | Create | Villager (Male) |
| 5:44 | Create | Fishing Ship |
| 6:00 | Create | Fishing Ship |
| 6:09 | Create | Fishing Ship |
| 6:12 | Create | Villager (Male) |
| 6:12 | Create | Villager (Male) |
| 6:30 | Create | Villager (Male) |
| 6:36 | Create | Fishing Ship |
| 6:53 | Create | Fishing Ship |
| 6:54 | Create | Villager (Male) |
| 7:07 | Create | Fishing Ship |
| 7:08 | Create | Villager (Male) |
| 7:20 | Build | House |
| 7:27 | Build | House |
| 7:33 | Research | Loom |
| 7:34 | Create | Fishing Ship |
| 7:46 | Build | House |
| 7:50 | Create | Villager (Male) |
| 7:54 | Create | Villager (Male) |
| 8:33 | Build | Mule Cart |
| 8:36 | Research | Feudal Age |
| 8:37 | Research | Feudal Age |
| 8:58 | Create | Fishing Ship |
| 9:28 | Build | Mule Cart |
| 9:32 | Create | Villager (Male) |
| 9:45 | Create | Fishing Ship |
| 9:47 | Create | Fishing Ship |
| 10:58 | Age | Feudal Age |
| 11:06 | Build | Blacksmith |
| 11:09 | Build | Mill |
| 11:12 | Create | Villager (Male) |
| 11:23 | Create | Villager (Male) |
| 11:25 | Create | Fishing Ship |
| 11:25 | Create | Fishing Ship |
| 11:26 | Research | Tech 906 |
| 11:46 | Build | Market |
| 11:50 | Build | House |
| 12:00 | Research | Double-Bit Axe |
| 12:20 | Research | Castle Age |
| 12:20 | Research | Castle Age |
| 12:22 | Create | Unit 2626 |
| 12:22 | Create | Unit 2626 |
| 12:32 | Create | Unit 2626 |
| 12:58 | Build | Dock |
| 13:09 | Create | Unit 2626 |
| 13:21 | Create | Villager (Male) |
| 13:40 | Build | Dock |
| 13:46 | Create | Unit 2626 |
| 13:46 | Create | Unit 2626 |
| 14:11 | Create | Unit 2626 |
| 14:12 | Create | Unit 2626 |
| 14:19 | Create | Villager (Male) |
| 14:30 | Build | Mule Cart |
| 15:00 | Age | Castle Age |
| 15:03 | Research | War Galley (upgrade) |
| 15:03 | Research | War Galley (upgrade) |
| 15:06 | Research | Forging |
| 15:06 | Research | Forging |
| 15:13 | Create | Unit 2626 |
| 15:13 | Create | Unit 2626 |
| 15:14 | Create | Villager (Male) |
| 15:23 | Create | Fire Galley |
| 15:24 | Create | Fire Galley |
| 15:27 | Create | Unit 2626 |
| 15:27 | Create | Unit 2626 |
| 15:28 | Create | Villager (Male) |
| 15:33 | Build | House |
| 15:52 | Build | House |
| 15:58 | Create | Unit 2626 |
| 16:06 | Create | Unit 2626 |
| 16:06 | Create | Unit 2626 |
| 16:07 | Create | Villager (Male) |
| 16:21 | Create | Unit 2626 |
| 16:21 | Create | Unit 2626 |
| 16:24 | Create | Unit 2626 |
| 16:25 | Create | Villager (Male) |
| 16:26 | Create | Villager (Male) |
| 16:37 | Research | Bow Saw |
| 16:57 | Create | Unit 2626 |
| 16:57 | Create | Unit 2626 |
| 16:58 | Create | Unit 2626 |
| 17:13 | Create | Unit 2626 |
| 17:13 | Create | Unit 2626 |
| 17:13 | Create | Unit 2626 |
| 17:23 | Create | Unit 2626 |
| 17:24 | Create | Unit 2626 |
| 17:24 | Create | Villager (Male) |
| 17:26 | Create | Villager (Male) |
| 17:36 | Create | Unit 2626 |
| 17:36 | Create | Unit 2626 |
| 17:46 | Build | House |
| 17:49 | Create | Unit 2626 |
| 17:49 | Create | Unit 2626 |
| 17:49 | Create | Unit 2626 |
| 17:52 | Create | Unit 2626 |
| 18:00 | Create | Unit 2626 |
| 18:00 | Create | Unit 2626 |
| 18:01 | Create | Unit 2626 |
| 18:18 | Build | House |
| 18:30 | Build | Town Center |
| 18:40 | Create | Monk |
| 19:02 | Create | Villager (Male) |
| 19:10 | Create | Villager (Male) |
| 20:15 | Build | Siege Workshop |
| 20:46 | Create | Mangonel |
| 21:01 | Create | Mangonel |
| 21:14 | Create | Monk |
| 23:11 | Build | Mule Cart |
| 23:22 | Create | Mangonel |
| 23:26 | Build | Siege Workshop |
| 24:02 | Build | House |
| 24:04 | Build | Stone Wall |
| 24:06 | Create | Mangonel |
| 24:34 | Create | Mangonel |
| 25:40 | Create | Mangonel |
| 25:46 | Create | Monk |
| 25:55 | Build | Outpost |
| 26:51 | Create | Mangonel |
| 26:51 | Create | Mangonel |
| 27:26 | Create | Monk |
| 27:41 | Create | Monk |
| 28:13 | Create | Monk |
| 29:01 | Create | Fishing Ship ×5 |
| 29:14 | Create | Mangonel |
| 30:45 | Create | Monk |
| 31:32 | Create | Transport Ship |
Build order — Torpedo
First 150 of 297 actions detected
| 0:46 | Build | Dock |
| 1:33 | Build | Town Center |
| 1:37 | Create | Fishing Ship |
| 1:37 | Create | Fishing Ship |
| 1:41 | Build | House |
| 1:42 | Build | House |
| 2:29 | Create | Villager (Male) |
| 2:29 | Create | Villager (Male) |
| 2:29 | Create | Villager (Male) |
| 2:30 | Create | Villager (Male) |
| 2:30 | Create | Villager (Male) |
| 2:52 | Create | Fishing Ship |
| 2:52 | Create | Fishing Ship |
| 3:23 | Create | Fishing Ship |
| 3:23 | Create | Fishing Ship |
| 3:52 | Create | Fishing Ship |
| 3:53 | Create | Fishing Ship |
| 3:57 | Build | House |
| 4:03 | Create | Villager (Male) |
| 4:03 | Create | Villager (Male) |
| 4:25 | Create | Fishing Ship |
| 4:25 | Create | Fishing Ship |
| 4:35 | Create | Villager (Male) |
| 4:35 | Create | Villager (Male) |
| 4:56 | Create | Villager (Male) |
| 4:56 | Create | Villager (Male) |
| 5:00 | Build | Outpost |
| 5:12 | Build | House |
| 5:13 | Create | Fishing Ship |
| 5:17 | Create | Villager (Male) |
| 5:17 | Create | Villager (Male) |
| 5:27 | Build | Palisade Wall |
| 5:35 | Create | Villager (Male) |
| 5:50 | Create | Villager (Male) |
| 5:50 | Create | Villager (Male) |
| 5:54 | Build | Palisade Wall |
| 6:00 | Create | Villager (Male) |
| 6:02 | Create | Fishing Ship |
| 6:13 | Build | Dock |
| 6:16 | Build | Palisade Wall |
| 6:17 | Build | Palisade Wall |
| 6:20 | Create | Villager (Male) |
| 6:21 | Create | Villager (Male) |
| 6:32 | Build | Mill |
| 6:38 | Build | Palisade Wall |
| 6:44 | Create | Villager (Male) |
| 6:44 | Create | Villager (Male) |
| 7:04 | Build | Palisade Wall |
| 7:10 | Create | Villager (Male) |
| 7:25 | Create | Fishing Ship |
| 7:26 | Create | Fishing Ship |
| 7:26 | Create | Fishing Ship |
| 7:33 | Build | House |
| 7:36 | Research | Loom |
| 7:36 | Research | Loom |
| 7:37 | Create | Villager (Male) |
| 7:37 | Create | Villager (Male) |
| 7:51 | Build | House |
| 7:51 | Build | House |
| 8:09 | Create | Fishing Ship |
| 8:09 | Create | Fishing Ship |
| 8:22 | Research | Feudal Age |
| 8:29 | Create | Villager (Male) |
| 8:29 | Create | Villager (Male) |
| 8:50 | Create | Villager (Male) |
| 8:50 | Create | Villager (Male) |
| 9:04 | Create | Villager (Male) |
| 9:08 | Create | Fishing Ship |
| 9:08 | Create | Fishing Ship |
| 9:11 | Build | Dock |
| 9:16 | Build | Dock |
| 9:43 | Build | Lumber Camp |
| 10:01 | Build | Mining Camp |
| 10:36 | Age | Feudal Age |
| 10:37 | Build | Blacksmith |
| 10:41 | Research | Double-Bit Axe |
| 10:42 | Create | Villager (Male) |
| 10:42 | Research | Town Watch |
| 10:48 | Build | Watch Tower |
| 11:05 | Build | Lumber Camp |
| 11:08 | Create | Villager (Male) |
| 11:18 | Create | Galley |
| 11:18 | Create | Galley |
| 11:21 | Research | Fletching |
| 11:22 | Create | Villager (Male) |
| 11:34 | Create | Galley |
| 11:35 | Create | Galley |
| 11:53 | Research | Gold Mining |
| 11:55 | Create | Villager (Male) |
| 11:59 | Create | Galley |
| 12:03 | Build | House |
| 12:09 | Build | House |
| 12:09 | Build | House |
| 12:27 | Create | Galley |
| 12:27 | Create | Galley |
| 12:42 | Research | Horse Collar |
| 12:46 | Research | Tech 906 |
| 12:46 | Research | Tech 906 |
| 12:55 | Create | Villager (Male) |
| 12:59 | Build | Market |
| 13:02 | Build | Palisade Wall |
| 13:10 | Build | House |
| 13:16 | Create | Galley |
| 13:16 | Create | Galley |
| 13:39 | Create | Galley |
| 13:58 | Create | Villager (Male) |
| 13:59 | Create | Villager (Male) |
| 14:04 | Create | Galley |
| 14:04 | Create | Galley |
| 14:04 | Create | Galley |
| 14:28 | Create | Galley |
| 14:28 | Create | Galley |
| 14:49 | Create | Villager (Male) |
| 15:10 | Create | Galley |
| 15:14 | Create | Villager (Male) |
| 15:20 | Build | House |
| 15:21 | Build | House |
| 15:26 | Build | House |
| 15:28 | Build | House |
| 15:32 | Build | Palisade Wall |
| 15:34 | Build | Palisade Wall |
| 16:24 | Research | Castle Age |
| 16:24 | Research | Castle Age |
| 16:24 | Create | Villager (Male) |
| 16:25 | Create | Villager (Male) |
| 16:59 | Build | Watch Tower |
| 17:08 | Create | Villager (Male) |
| 17:08 | Create | Villager (Male) |
| 18:10 | Research | Stone Mining |
| 18:10 | Create | Villager (Male) |
| 18:13 | Build | Mining Camp |
| 19:04 | Age | Castle Age |
| 19:05 | Build | Siege Workshop |
| 19:06 | Research | Bodkin Arrow |
| 19:07 | Research | Bodkin Arrow |
| 19:08 | Research | War Galley (upgrade) |
| 19:12 | Research | War Galley (upgrade) |
| 19:13 | Create | Villager (Male) |
| 19:13 | Create | Villager (Male) |
| 19:32 | Create | Mangonel |
| 19:32 | Create | Mangonel |
| 19:38 | Create | Villager (Male) |
| 19:41 | Create | Villager (Male) |
| 19:42 | Create | Villager (Male) |
| 20:05 | Create | Villager (Male) |
| 20:06 | Create | Villager (Male) |
| 20:06 | Create | Villager (Male) |
| 21:13 | Create | Villager (Male) |
| 21:13 | Create | Villager (Male) |
| 21:28 | Create | Villager (Male) |
Build order — Blaaaa
First 150 of 366 actions detected
| 0:09 | Build | Dock |
| 0:32 | Build | House |
| 1:24 | Build | Town Center |
| 1:59 | Create | Fishing Ship |
| 1:59 | Create | Fishing Ship |
| 2:03 | Build | House |
| 2:26 | Create | Villager (Male) |
| 2:26 | Create | Villager (Male) |
| 2:39 | Create | Villager (Male) |
| 2:39 | Create | Villager (Male) |
| 3:07 | Create | Fishing Ship |
| 3:08 | Create | Fishing Ship |
| 3:26 | Create | Villager (Male) |
| 3:43 | Create | Fishing Ship |
| 4:09 | Build | House |
| 4:24 | Build | Palisade Wall |
| 4:27 | Build | Palisade Wall |
| 4:33 | Build | Palisade Wall |
| 4:34 | Build | Palisade Wall |
| 4:39 | Build | Palisade Wall |
| 4:41 | Build | Palisade Wall |
| 4:43 | Build | Palisade Wall |
| 4:51 | Create | Villager (Male) |
| 4:51 | Create | Villager (Male) |
| 4:51 | Create | Villager (Male) |
| 4:52 | Create | Villager (Male) |
| 5:00 | Create | Villager (Male) |
| 5:01 | Create | Villager (Male) |
| 5:01 | Create | Villager (Male) |
| 5:01 | Create | Villager (Male) |
| 5:10 | Create | Fishing Ship |
| 5:30 | Create | Fishing Ship |
| 6:11 | Build | House |
| 6:14 | Research | Loom |
| 6:14 | Research | Loom |
| 6:19 | Create | Villager (Male) |
| 6:43 | Create | Fishing Ship |
| 6:45 | Create | Villager (Male) |
| 6:48 | Build | Mill |
| 6:49 | Create | Villager (Male) |
| 7:06 | Create | Fishing Ship |
| 7:07 | Create | Villager (Male) |
| 7:58 | Research | Feudal Age |
| 7:58 | Research | Feudal Age |
| 7:58 | Research | Feudal Age |
| 8:02 | Build | Mining Camp |
| 8:24 | Build | House |
| 9:11 | Create | Villager (Male) |
| 9:15 | Build | Barracks |
| 9:32 | Create | Fishing Ship |
| 9:38 | Create | Villager (Male) |
| 10:08 | Age | Feudal Age |
| 10:13 | Build | Archery Range |
| 10:18 | Build | Blacksmith |
| 10:51 | Build | Palisade Wall |
| 10:58 | Create | Archer |
| 10:59 | Create | Archer |
| 11:01 | Create | Villager (Male) |
| 11:17 | Build | House |
| 11:31 | Research | Castle Age |
| 11:31 | Research | Castle Age |
| 11:52 | Build | Lumber Camp |
| 11:57 | Create | Archer |
| 12:07 | Create | Unit 2626 |
| 12:20 | Research | Fletching |
| 12:40 | Research | Double-Bit Axe |
| 12:40 | Research | Double-Bit Axe |
| 12:43 | Create | Archer |
| 13:07 | Build | Palisade Wall |
| 13:10 | Build | Palisade Wall |
| 13:15 | Create | Archer |
| 13:17 | Create | Villager (Male) |
| 13:59 | Create | Villager (Male) |
| 14:08 | Create | Villager (Male) |
| 14:11 | Age | Castle Age |
| 14:12 | Build | House |
| 14:15 | Research | Wheelbarrow |
| 14:16 | Research | Wheelbarrow |
| 14:30 | Research | Crossbowman (upgrade) |
| 14:30 | Research | Crossbowman (upgrade) |
| 14:48 | Build | Town Center |
| 14:50 | Create | Archer |
| 14:52 | Create | Villager (Male) |
| 14:53 | Create | Villager (Male) |
| 14:57 | Build | Siege Workshop |
| 15:08 | Create | Archer |
| 15:26 | Create | Villager (Male) |
| 15:45 | Create | Mangonel |
| 15:47 | Create | Villager (Male) |
| 15:59 | Create | Villager (Male) |
| 16:21 | Create | Villager (Male) |
| 16:35 | Create | Archer |
| 16:40 | Create | Villager (Male) |
| 16:45 | Create | Villager (Male) |
| 16:45 | Create | Villager (Male) |
| 16:50 | Create | Archer |
| 16:54 | Create | Villager (Male) |
| 17:05 | Create | Mangonel |
| 17:20 | Build | House |
| 17:21 | Build | House |
| 17:38 | Create | Villager (Male) |
| 17:45 | Create | Villager (Male) |
| 17:56 | Create | Villager (Male) |
| 17:56 | Create | Villager (Male) |
| 17:58 | Create | Villager (Male) |
| 17:59 | Create | Villager (Male) |
| 18:00 | Create | Villager (Male) |
| 18:10 | Create | Archer |
| 18:13 | Build | Farm |
| 18:15 | Build | Farm |
| 18:18 | Create | Villager (Male) |
| 18:35 | Create | Villager (Male) |
| 18:35 | Create | Villager (Male) |
| 18:36 | Create | Villager (Male) |
| 18:36 | Create | Villager (Male) |
| 18:39 | Create | Archer |
| 18:39 | Create | Archer |
| 18:41 | Create | Villager (Male) |
| 18:43 | Create | Villager (Male) |
| 18:43 | Create | Villager (Male) |
| 18:45 | Build | Farm |
| 18:45 | Build | Farm |
| 18:56 | Create | Villager (Male) |
| 18:56 | Create | Villager (Male) |
| 18:56 | Create | Villager (Male) |
| 18:59 | Create | Villager (Male) |
| 19:05 | Create | Archer |
| 19:10 | Build | Farm |
| 19:27 | Build | Mining Camp |
| 19:44 | Create | Villager (Male) |
| 19:44 | Create | Villager (Male) |
| 19:47 | Build | House |
| 19:48 | Build | House |
| 19:50 | Create | Villager (Male) |
| 19:51 | Create | Villager (Male) |
| 19:51 | Create | Villager (Male) |
| 20:00 | Research | Bodkin Arrow |
| 20:00 | Research | Bodkin Arrow |
| 20:01 | Create | Villager (Male) |
| 20:01 | Create | Villager (Male) |
| 20:01 | Create | Villager (Male) |
| 20:01 | Create | Villager (Male) |
| 20:02 | Create | Archer |
| 20:04 | Create | Villager (Male) |
| 20:04 | Create | Villager (Male) |
| 20:04 | Create | Villager (Male) |
| 20:04 | Create | Villager (Male) |
| 20:10 | Research | Horse Collar |
| 20:10 | Research | Horse Collar |
| 20:18 | Build | House |
Build order — word马亚
First 150 of 288 actions detected
| 2:02 | Build | Town Center |
| 2:50 | Create | Villager (Male) |
| 2:50 | Create | Villager (Male) |
| 2:51 | Create | Villager (Male) |
| 2:51 | Create | Villager (Male) |
| 3:15 | Build | Dock |
| 3:35 | Create | Villager (Male) |
| 3:35 | Create | Villager (Male) |
| 4:10 | Create | Fishing Ship |
| 4:11 | Create | Fishing Ship |
| 4:25 | Create | Fishing Ship |
| 4:54 | Create | Villager (Male) |
| 4:54 | Create | Villager (Male) |
| 4:55 | Create | Villager (Male) |
| 5:23 | Create | Villager (Male) |
| 5:29 | Create | Fishing Ship |
| 6:03 | Build | Dock |
| 6:09 | Create | Villager (Male) |
| 6:25 | Create | Fishing Ship |
| 6:32 | Create | Villager (Male) |
| 6:32 | Create | Villager (Male) |
| 6:32 | Create | Villager (Male) |
| 6:33 | Create | Villager (Male) |
| 6:48 | Create | Fishing Ship |
| 6:52 | Create | Villager (Male) |
| 6:52 | Create | Villager (Male) |
| 7:11 | Create | Villager (Male) |
| 7:26 | Create | Fishing Ship |
| 7:28 | Create | Villager (Male) |
| 7:32 | Create | Fishing Ship |
| 7:52 | Create | Villager (Male) |
| 8:06 | Build | Mill |
| 8:22 | Create | Fishing Ship |
| 8:48 | Research | Feudal Age |
| 8:48 | Research | Feudal Age |
| 8:49 | Research | Feudal Age |
| 9:07 | Build | Lumber Camp |
| 9:54 | Build | Mining Camp |
| 10:51 | Create | Villager (Male) |
| 10:52 | Create | Villager (Male) |
| 10:58 | Age | Feudal Age |
| 11:05 | Create | Unit 2626 |
| 11:05 | Create | Unit 2626 |
| 11:07 | Create | Villager (Male) |
| 11:12 | Build | Market |
| 11:17 | Research | Double-Bit Axe |
| 11:17 | Research | Double-Bit Axe |
| 11:18 | Research | Double-Bit Axe |
| 11:48 | Create | Unit 2626 |
| 11:49 | Create | Unit 2626 |
| 11:58 | Create | Villager (Male) |
| 12:28 | Build | Blacksmith |
| 12:42 | Create | Unit 2626 |
| 12:45 | Create | Villager (Male) |
| 13:13 | Research | Castle Age |
| 13:14 | Research | Castle Age |
| 13:25 | Create | Unit 2626 |
| 13:25 | Create | Unit 2626 |
| 13:26 | Research | Gold Mining |
| 13:26 | Research | Gold Mining |
| 13:27 | Research | Gold Mining |
| 13:58 | Create | Unit 2626 |
| 13:58 | Create | Unit 2626 |
| 14:43 | Research | Loom |
| 15:39 | Create | Villager (Male) |
| 15:53 | Age | Castle Age |
| 15:56 | Create | Villager (Male) |
| 16:01 | Build | Siege Workshop |
| 16:07 | Build | Siege Workshop |
| 16:09 | Create | Villager (Male) |
| 16:12 | Research | Bow Saw |
| 16:12 | Research | Bow Saw |
| 16:13 | Create | Villager (Male) |
| 16:22 | Research | War Galley (upgrade) |
| 16:22 | Research | War Galley (upgrade) |
| 16:22 | Research | War Galley (upgrade) |
| 16:28 | Create | Villager (Male) |
| 16:47 | Create | Villager (Male) |
| 16:51 | Build | Town Center |
| 17:15 | Create | Scorpion |
| 17:24 | Create | Villager (Male) |
| 17:25 | Create | Scorpion |
| 17:27 | Create | Villager (Male) |
| 17:31 | Build | Barracks |
| 17:54 | Create | Villager (Male) |
| 18:02 | Create | Villager (Male) |
| 18:06 | Create | Scorpion |
| 18:12 | Create | Villager (Male) |
| 18:23 | Create | Villager (Male) |
| 18:31 | Build | Town Center |
| 18:44 | Create | Scorpion |
| 18:54 | Create | Villager (Male) |
| 19:27 | Create | Villager (Male) |
| 19:33 | Create | Villager (Male) |
| 19:45 | Create | Villager (Male) |
| 19:50 | Build | Outpost |
| 19:52 | Create | Villager (Male) |
| 19:53 | Create | Villager (Male) |
| 19:53 | Create | Villager (Male) |
| 19:53 | Create | Villager (Male) |
| 19:55 | Build | Mining Camp |
| 20:11 | Create | Villager (Male) |
| 20:18 | Build | Stable |
| 20:20 | Create | Villager (Male) |
| 20:50 | Research | Scale Barding Armor |
| 20:50 | Research | Scale Barding Armor |
| 20:52 | Create | Villager (Male) |
| 21:07 | Research | Bloodlines |
| 21:11 | Build | Stable |
| 21:12 | Create | Villager (Male) |
| 21:13 | Create | Villager (Male) |
| 21:18 | Build | Outpost |
| 21:20 | Research | Town Watch |
| 21:22 | Create | Villager (Male) |
| 21:34 | Create | Villager (Male) |
| 21:54 | Create | Knight |
| 22:00 | Create | Knight |
| 22:03 | Build | Farm |
| 22:05 | Build | Farm |
| 22:09 | Research | Horse Collar |
| 22:09 | Research | Horse Collar |
| 22:09 | Create | Villager (Male) |
| 22:10 | Create | Villager (Male) |
| 22:10 | Create | Villager (Male) |
| 22:27 | Build | Farm |
| 22:28 | Build | Farm |
| 22:29 | Build | Farm |
| 22:32 | Create | Knight |
| 22:32 | Create | Knight |
| 22:39 | Build | Town Center |
| 22:42 | Create | Villager (Male) |
| 23:03 | Build | Farm |
| 23:04 | Build | Farm |
| 23:07 | Build | Outpost |
| 23:09 | Create | Knight |
| 23:09 | Create | Knight |
| 23:29 | Create | Knight |
| 23:29 | Create | Knight |
| 23:32 | Research | Forging |
| 23:33 | Research | Forging |
| 23:35 | Research | Chain Barding Armor |
| 23:36 | Research | Chain Barding Armor |
| 23:44 | Build | Stone Wall |
| 23:50 | Create | Knight |
| 23:51 | Create | Villager (Male) |
| 23:53 | Build | Farm |
| 23:56 | Build | Farm |
| 24:15 | Create | Knight |
| 24:24 | Create | Knight |
| 24:24 | Create | Knight |
Build order — Feather的貓
First 150 of 347 actions detected
| 1:59 | Build | Dock |
| 2:31 | Build | Town Center |
| 2:56 | Create | Fishing Ship |
| 3:00 | Build | House |
| 3:01 | Build | House |
| 3:36 | Create | Villager (Male) |
| 3:38 | Create | Fishing Ship |
| 3:42 | Create | Villager (Male) |
| 3:48 | Create | Villager (Male) |
| 4:07 | Create | Fishing Ship |
| 4:46 | Create | Villager (Male) |
| 4:48 | Create | Fishing Ship |
| 5:08 | Research | Loom |
| 5:17 | Build | Dock |
| 5:30 | Create | Fishing Ship |
| 5:36 | Create | Villager (Male) |
| 5:50 | Build | House |
| 5:52 | Build | House |
| 5:55 | Build | House |
| 6:04 | Create | Villager (Male) |
| 6:17 | Create | Villager (Male) |
| 6:19 | Create | Fishing Ship |
| 6:20 | Create | Fishing Ship |
| 6:35 | Build | House |
| 6:47 | Create | Fishing Ship |
| 6:48 | Create | Fishing Ship |
| 6:51 | Create | Villager (Male) |
| 7:11 | Create | Fishing Ship |
| 7:11 | Create | Fishing Ship |
| 7:35 | Create | Villager (Male) |
| 7:50 | Build | House |
| 7:53 | Create | Villager (Male) |
| 7:55 | Create | Fishing Ship |
| 7:55 | Create | Fishing Ship |
| 8:10 | Create | Fishing Ship |
| 8:17 | Create | Villager (Male) |
| 8:38 | Build | Dock |
| 8:41 | Create | Villager (Male) |
| 8:52 | Create | Fishing Ship |
| 8:54 | Create | Villager (Male) |
| 8:56 | Create | Fishing Ship |
| 8:56 | Create | Fishing Ship |
| 9:18 | Build | House |
| 9:19 | Build | House |
| 9:24 | Create | Villager (Male) |
| 9:34 | Create | Fishing Ship |
| 9:34 | Create | Fishing Ship |
| 9:54 | Create | Fishing Ship |
| 9:54 | Create | Fishing Ship |
| 9:56 | Create | Villager (Male) |
| 10:12 | Build | Mining Camp |
| 10:25 | Research | Feudal Age |
| 10:26 | Create | Fishing Ship |
| 10:27 | Create | Fishing Ship |
| 10:35 | Create | Fishing Ship |
| 10:35 | Create | Fishing Ship |
| 10:51 | Create | Fishing Ship |
| 10:51 | Create | Fishing Ship |
| 11:05 | Create | Fishing Ship |
| 11:29 | Build | Mill |
| 11:46 | Create | Fishing Ship |
| 11:46 | Create | Fishing Ship |
| 11:46 | Create | Fishing Ship |
| 11:49 | Create | Villager (Male) |
| 12:40 | Age | Feudal Age |
| 12:41 | Build | Market |
| 12:46 | Build | Blacksmith |
| 12:55 | Create | Villager (Male) |
| 13:24 | Build | Lumber Camp |
| 13:28 | Research | Castle Age |
| 13:28 | Research | Castle Age |
| 13:30 | Research | Gold Mining |
| 13:35 | Build | Palisade Gate |
| 13:42 | Build | Palisade Wall |
| 13:47 | Research | Double-Bit Axe |
| 13:47 | Research | Double-Bit Axe |
| 14:05 | Build | Palisade Wall |
| 14:06 | Build | Palisade Wall |
| 14:07 | Build | Palisade Wall |
| 14:22 | Create | Unit 2626 |
| 14:23 | Create | Unit 2626 |
| 14:23 | Create | Unit 2626 |
| 14:39 | Create | Villager (Male) |
| 14:44 | Create | Fire Galley |
| 14:44 | Create | Fire Galley |
| 14:50 | Build | House |
| 15:08 | Create | Unit 2626 |
| 15:13 | Create | Fire Galley |
| 15:21 | Create | Villager (Male) |
| 15:23 | Build | House |
| 15:24 | Build | House |
| 15:25 | Build | House |
| 15:33 | Create | Villager (Male) |
| 15:41 | Create | Fire Galley |
| 15:58 | Create | Fire Galley |
| 16:10 | Age | Castle Age |
| 16:28 | Build | House |
| 16:29 | Create | Villager (Male) |
| 16:37 | Research | War Galley (upgrade) |
| 16:46 | Build | University |
| 16:50 | Create | Villager (Male) |
| 16:54 | Create | Fire Galley |
| 16:55 | Create | Fire Galley |
| 17:02 | Create | Fire Galley |
| 17:09 | Build | House |
| 17:10 | Build | House |
| 17:10 | Build | House |
| 17:13 | Build | House |
| 17:16 | Build | Palisade Wall |
| 17:17 | Build | Palisade Wall |
| 17:31 | Create | Villager (Male) |
| 17:41 | Research | Tech 908 |
| 17:51 | Create | Fire Galley |
| 18:04 | Research | Tech 906 |
| 18:04 | Research | Tech 906 |
| 18:08 | Research | Careening |
| 18:08 | Research | Careening |
| 18:10 | Create | Villager (Male) |
| 18:12 | Build | House |
| 18:14 | Create | Villager (Male) |
| 18:25 | Create | Unit 2626 |
| 18:29 | Create | Villager (Male) |
| 18:36 | Create | Unit 2626 |
| 18:36 | Create | Unit 2626 |
| 18:51 | Build | House |
| 18:57 | Build | House |
| 19:10 | Create | Unit 2626 |
| 19:11 | Create | Unit 2626 |
| 19:15 | Create | Villager (Male) |
| 19:16 | Create | Unit 2626 |
| 19:20 | Create | Villager (Male) |
| 19:28 | Build | Palisade Wall |
| 19:39 | Create | Unit 2626 |
| 19:39 | Create | Unit 2626 |
| 19:46 | Create | Villager (Male) |
| 19:57 | Create | Unit 2626 |
| 20:09 | Research | Bow Saw |
| 20:09 | Research | Bow Saw |
| 20:20 | Build | Palisade Wall |
| 20:22 | Build | House |
| 20:29 | Create | Unit 2626 |
| 20:29 | Create | Unit 2626 |
| 20:32 | Create | Villager (Male) |
| 20:57 | Create | Fire Galley |
| 20:57 | Create | Fire Galley |
| 20:57 | Create | Fire Galley |
| 20:59 | Create | Villager (Male) |
| 21:13 | Create | Fire Galley |
| 21:13 | Create | Fire Galley |
| 21:14 | Create | Villager (Male) |
Build order — 痛果牧羊人
First 150 of 319 actions detected
| 0:46 | Build | House |
| 1:46 | Build | Dock |
| 2:30 | Build | Town Center |
| 2:42 | Build | Dock |
| 3:03 | Build | House |
| 3:23 | Create | Villager (Male) |
| 3:24 | Create | Villager (Male) |
| 3:24 | Create | Villager (Male) |
| 3:47 | Create | Villager (Male) |
| 3:59 | Create | Fishing Ship |
| 3:59 | Create | Fishing Ship |
| 4:34 | Create | Fishing Ship |
| 4:49 | Create | Fishing Ship |
| 4:49 | Create | Fishing Ship |
| 5:05 | Research | Loom |
| 5:05 | Research | Loom |
| 5:18 | Create | Fishing Ship |
| 5:18 | Create | Fishing Ship |
| 5:20 | Build | House |
| 5:31 | Create | Villager (Male) |
| 5:31 | Create | Villager (Male) |
| 5:54 | Build | House |
| 6:02 | Create | Fishing Ship |
| 6:25 | Build | Mill |
| 6:47 | Create | Villager (Male) |
| 6:47 | Create | Villager (Male) |
| 6:52 | Build | House |
| 7:18 | Create | Villager (Male) |
| 7:18 | Create | Villager (Male) |
| 7:18 | Create | Villager (Male) |
| 7:29 | Build | House |
| 7:32 | Create | Villager (Male) |
| 7:43 | Create | Villager (Male) |
| 7:46 | Build | House |
| 7:48 | Build | Palisade Wall |
| 8:01 | Create | Fishing Ship |
| 8:11 | Build | Dock |
| 8:14 | Create | Villager (Male) |
| 8:26 | Build | Palisade Wall |
| 8:30 | Create | Villager (Male) |
| 8:42 | Create | Villager (Male) |
| 8:55 | Build | Palisade Gate |
| 9:00 | Create | Villager (Male) |
| 9:05 | Build | Palisade Wall |
| 9:11 | Build | Palisade Wall |
| 9:19 | Create | Fishing Ship |
| 9:20 | Create | Fishing Ship |
| 9:22 | Create | Villager (Male) |
| 9:27 | Build | Palisade Wall |
| 9:32 | Build | Palisade Wall |
| 9:38 | Create | Villager (Male) |
| 9:45 | Create | Fishing Ship |
| 9:57 | Create | Villager (Male) |
| 10:01 | Create | Fishing Ship |
| 10:08 | Build | House |
| 10:22 | Build | Palisade Wall |
| 10:30 | Create | Fishing Ship |
| 10:30 | Create | Fishing Ship |
| 10:39 | Research | Feudal Age |
| 10:48 | Build | Mining Camp |
| 11:14 | Create | Fishing Ship |
| 11:41 | Create | Fishing Ship |
| 11:47 | Create | Fishing Ship |
| 11:53 | Build | House |
| 11:56 | Build | Palisade Wall |
| 12:12 | Build | Lumber Camp |
| 12:29 | Create | Villager (Male) |
| 12:35 | Create | Fishing Ship |
| 12:42 | Build | House |
| 12:49 | Age | Feudal Age |
| 13:21 | Create | Villager (Male) |
| 13:28 | Build | Stable |
| 13:48 | Research | Castle Age |
| 13:48 | Research | Castle Age |
| 14:05 | Build | Blacksmith |
| 14:31 | Create | Scout Cavalry |
| 14:36 | Research | Double-Bit Axe |
| 14:36 | Research | Double-Bit Axe |
| 14:58 | Research | Scale Barding Armor |
| 14:59 | Research | Scale Barding Armor |
| 15:01 | Research | Bloodlines |
| 15:01 | Research | Bloodlines |
| 15:22 | Build | Stable |
| 15:36 | Create | Villager (Male) |
| 15:40 | Research | Horse Collar |
| 15:40 | Research | Horse Collar |
| 16:15 | Create | Villager (Male) |
| 16:28 | Age | Castle Age |
| 16:32 | Create | Knight ×3 |
| 16:34 | Research | Town Watch |
| 16:34 | Research | Town Watch |
| 16:44 | Create | Villager (Male) |
| 16:44 | Create | Villager (Male) |
| 16:44 | Create | Villager (Male) |
| 16:48 | Build | Town Center |
| 16:53 | Research | Husbandry |
| 16:53 | Research | Husbandry |
| 16:55 | Create | Villager (Male) |
| 17:02 | Build | House |
| 17:13 | Create | Villager (Male) |
| 17:13 | Create | Villager (Male) |
| 17:22 | Research | Light Cavalry (upgrade) |
| 17:23 | Research | Light Cavalry (upgrade) |
| 17:30 | Create | Villager (Male) |
| 17:30 | Create | Villager (Male) |
| 17:31 | Create | Villager (Male) |
| 17:31 | Create | Villager (Male) |
| 17:54 | Create | Villager (Male) |
| 17:58 | Build | Siege Workshop |
| 18:10 | Create | Knight |
| 18:10 | Create | Knight |
| 18:14 | Create | Villager (Male) |
| 18:15 | Create | Villager (Male) |
| 18:15 | Create | Villager (Male) |
| 18:15 | Create | Villager (Male) |
| 18:23 | Create | Villager (Male) |
| 18:24 | Create | Villager (Male) |
| 18:29 | Create | Villager (Male) |
| 18:29 | Create | Villager (Male) |
| 18:33 | Build | Farm |
| 18:53 | Create | Battering Ram |
| 18:54 | Build | House |
| 18:59 | Create | Mangonel |
| 19:02 | Create | Villager (Male) |
| 19:02 | Create | Villager (Male) |
| 19:04 | Build | Farm |
| 19:06 | Build | Farm |
| 19:20 | Create | Scout Cavalry |
| 19:20 | Create | Scout Cavalry |
| 19:40 | Create | Villager (Male) |
| 19:40 | Create | Villager (Male) |
| 20:06 | Create | Scorpion |
| 20:06 | Create | Scorpion |
| 20:07 | Create | Scorpion |
| 20:07 | Create | Scorpion |
| 20:07 | Create | Scorpion |
| 20:20 | Create | Knight |
| 20:20 | Create | Knight |
| 20:56 | Create | Scorpion |
| 21:14 | Create | Knight |
| 21:23 | Create | Villager (Male) |
| 21:23 | Create | Villager (Male) |
| 21:29 | Create | Villager (Male) |
| 21:29 | Create | Villager (Male) |
| 21:33 | Build | Mining Camp |
| 21:34 | Build | Farm |
| 21:34 | Build | Farm |
| 21:34 | Build | Farm |
| 21:35 | Build | Farm |
| 21:42 | Create | Scorpion |
Build order — 0.o
First 150 of 390 actions detected
| 0:31 | Build | Dock |
| 0:53 | Build | House |
| 0:55 | Build | House |
| 1:29 | Build | Town Center |
| 1:41 | Create | Fishing Ship |
| 1:41 | Create | Fishing Ship |
| 2:40 | Create | Villager (Male) |
| 2:40 | Create | Villager (Male) |
| 2:41 | Create | Villager (Male) |
| 2:41 | Create | Villager (Male) |
| 2:41 | Create | Villager (Male) |
| 2:42 | Create | Villager (Male) |
| 2:58 | Create | Fishing Ship |
| 2:58 | Create | Fishing Ship |
| 3:02 | Create | Fishing Ship |
| 3:02 | Create | Fishing Ship |
| 3:43 | Build | Dock |
| 3:52 | Build | House |
| 3:58 | Create | Villager (Male) |
| 4:17 | Create | Fishing Ship |
| 4:28 | Create | Fishing Ship |
| 4:30 | Create | Villager (Male) |
| 4:45 | Create | Fishing Ship |
| 4:49 | Build | House |
| 5:09 | Create | Villager (Male) |
| 5:09 | Create | Villager (Male) |
| 5:11 | Create | Fishing Ship |
| 5:11 | Create | Fishing Ship |
| 5:20 | Create | Fishing Ship |
| 5:20 | Create | Fishing Ship |
| 5:29 | Create | Villager (Male) |
| 5:29 | Create | Villager (Male) |
| 5:34 | Create | Fishing Ship |
| 5:35 | Create | Fishing Ship |
| 5:39 | Build | House |
| 5:43 | Create | Villager (Male) |
| 5:43 | Create | Villager (Male) |
| 5:54 | Create | Villager (Male) |
| 5:54 | Create | Villager (Male) |
| 5:59 | Create | Fishing Ship |
| 6:00 | Create | Fishing Ship |
| 6:07 | Build | House |
| 6:12 | Create | Fishing Ship |
| 6:12 | Create | Fishing Ship |
| 6:31 | Create | Fishing Ship |
| 6:32 | Create | Villager (Male) |
| 6:33 | Create | Villager (Male) |
| 6:33 | Create | Villager (Male) |
| 6:40 | Build | House |
| 6:45 | Create | Fishing Ship |
| 6:47 | Create | Villager (Male) |
| 7:20 | Build | Dock |
| 7:25 | Create | Villager (Male) |
| 7:27 | Create | Fishing Ship |
| 7:28 | Create | Fishing Ship |
| 7:45 | Build | House |
| 7:49 | Create | Fishing Ship |
| 7:58 | Research | Loom |
| 8:10 | Research | Feudal Age |
| 8:11 | Create | Fishing Ship |
| 8:11 | Create | Fishing Ship |
| 8:21 | Build | Lumber Camp |
| 9:03 | Create | Fishing Ship |
| 9:04 | Create | Fishing Ship |
| 9:04 | Create | Fishing Ship |
| 9:36 | Build | Dock |
| 9:45 | Create | Villager (Male) |
| 9:46 | Create | Villager (Male) |
| 10:41 | Age | Feudal Age |
| 10:42 | Create | Unit 2626 |
| 10:42 | Create | Unit 2626 |
| 10:42 | Create | Unit 2626 |
| 10:42 | Create | Unit 2626 |
| 10:58 | Build | House |
| 11:00 | Build | House |
| 11:01 | Research | Double-Bit Axe |
| 11:03 | Create | Villager (Male) |
| 11:04 | Build | House |
| 11:05 | Build | House |
| 11:13 | Create | Unit 2626 |
| 11:13 | Create | Unit 2626 |
| 11:13 | Create | Unit 2626 |
| 11:19 | Create | Unit 2626 |
| 11:19 | Create | Unit 2626 |
| 11:31 | Create | Fire Galley |
| 11:31 | Create | Fire Galley |
| 11:31 | Create | Fire Galley |
| 11:35 | Create | Fire Galley |
| 11:36 | Create | Fire Galley |
| 12:04 | Create | Fire Galley |
| 12:05 | Create | Fire Galley |
| 12:08 | Create | Villager (Male) |
| 12:09 | Create | Villager (Male) |
| 12:10 | Create | Villager (Male) |
| 12:13 | Create | Villager (Male) |
| 12:18 | Create | Fire Galley |
| 12:18 | Create | Fire Galley |
| 12:20 | Create | Fire Galley |
| 12:20 | Create | Fire Galley |
| 12:20 | Create | Fire Galley |
| 12:28 | Create | Fire Galley |
| 12:29 | Create | Fire Galley |
| 12:57 | Create | Fire Galley |
| 12:58 | Create | Fire Galley |
| 12:58 | Create | Fire Galley |
| 12:58 | Create | Fire Galley |
| 12:58 | Create | Fire Galley |
| 13:07 | Create | Villager (Male) |
| 13:15 | Build | Blacksmith |
| 13:51 | Build | Mill |
| 13:52 | Create | Villager (Male) |
| 13:56 | Create | Fire Galley |
| 13:56 | Create | Fire Galley |
| 13:57 | Create | Fire Galley |
| 14:12 | Research | Forging |
| 14:16 | Build | House |
| 14:26 | Create | Fire Galley |
| 14:27 | Create | Fire Galley |
| 14:28 | Create | Fire Galley |
| 14:50 | Create | Villager (Male) |
| 14:53 | Build | Market |
| 14:57 | Create | Villager (Male) |
| 15:08 | Build | House |
| 15:12 | Create | Fire Galley |
| 15:14 | Create | Fire Galley |
| 15:18 | Create | Fire Galley |
| 15:22 | Build | House |
| 15:22 | Build | House |
| 15:53 | Create | Villager (Male) |
| 16:02 | Build | Dock |
| 16:09 | Research | Castle Age |
| 16:09 | Research | Castle Age |
| 16:11 | Create | Fire Galley |
| 16:11 | Create | Fire Galley |
| 16:11 | Create | Fire Galley |
| 16:12 | Create | Fire Galley |
| 16:28 | Create | Fire Galley |
| 16:28 | Create | Fire Galley |
| 16:46 | Build | Dock |
| 17:09 | Build | Dock |
| 17:16 | Create | Fire Galley |
| 17:16 | Create | Fire Galley |
| 17:16 | Create | Fire Galley |
| 17:17 | Create | Fire Galley |
| 17:46 | Create | Galley |
| 17:46 | Create | Galley |
| 17:46 | Create | Galley |
| 17:47 | Create | Galley |
| 17:47 | Create | Galley |
| 17:50 | Research | Fletching |
Match timeline
| 0:09 | Blaaaa · first_building Dock |
| 0:15 | FUFU · first_building Dock |
| 0:15 | 騎豬打仗 · first_building Dock |
| 0:31 | 0.o · first_building Dock |
| 0:46 | Torpedo · first_building Dock |
| 1:46 | 痛果牧羊人 · first_building Dock |
| 1:59 | Feather的貓 · first_building Dock |
| 3:15 | word马亚 · first_building Dock |
| 4:24 | Blaaaa · wall_segment Palisade Wall x1 |
| 4:27 | Blaaaa · wall_segment Palisade Wall x1 |
| 4:33 | Blaaaa · wall_segment Palisade Wall x1 |
| 4:34 | Blaaaa · wall_segment Palisade Wall x1 |
| 4:39 | Blaaaa · wall_segment Palisade Wall x1 |
| 4:41 | Blaaaa · wall_segment Palisade Wall x1 |
| 4:43 | Blaaaa · wall_segment Palisade Wall x1 |
| 5:27 | Torpedo · wall_segment Palisade Wall x1 |
| 5:54 | Torpedo · wall_segment Palisade Wall x1 |
| 6:16 | Torpedo · wall_segment Palisade Wall x1 |
| 6:17 | Torpedo · wall_segment Palisade Wall x8 |
| 6:38 | Torpedo · wall_segment Palisade Wall x6 |
| 7:04 | Torpedo · wall_segment Palisade Wall x9 |
| 7:48 | 痛果牧羊人 · wall_segment Palisade Wall x1 |
| 8:26 | 痛果牧羊人 · wall_segment Palisade Wall x8 |
| 9:05 | 痛果牧羊人 · wall_segment Palisade Wall x1 |
| 9:11 | 痛果牧羊人 · wall_segment Palisade Wall x4 |
| 9:15 | Blaaaa · first_building Barracks |
| 9:27 | 痛果牧羊人 · wall_segment Palisade Wall x2 |
| 9:32 | 痛果牧羊人 · wall_segment Palisade Wall x1 |
| 10:08 | Blaaaa · age_up feudal |
| 10:13 | Blaaaa · first_building Archery Range |
| 10:22 | 痛果牧羊人 · wall_segment Palisade Wall x8 |
| 10:36 | Torpedo · age_up feudal |
| 10:41 | 0.o · age_up feudal |
| 10:51 | Blaaaa · wall_segment Palisade Wall x11 |
| 10:58 | word马亚 · age_up feudal |
| 10:58 | FUFU · age_up feudal |
| 11:56 | 痛果牧羊人 · wall_segment Palisade Wall x4 |
| 11:57 | 騎豬打仗 · age_up feudal |
| 12:40 | Feather的貓 · age_up feudal |
| 12:49 | 痛果牧羊人 · age_up feudal |
| 13:02 | Torpedo · wall_segment Palisade Wall x7 |
| 13:07 | Blaaaa · wall_segment Palisade Wall x4 |
| 13:10 | Blaaaa · wall_segment Palisade Wall x3 |
| 13:28 | 痛果牧羊人 · first_building Stable |
| 13:42 | Feather的貓 · wall_segment Palisade Wall x3 |
| 14:05 | Feather的貓 · wall_segment Palisade Wall x1 |
| 14:06 | Feather的貓 · wall_segment Palisade Wall x1 |
| 14:07 | Feather的貓 · wall_segment Palisade Wall x1 |
| 14:11 | Blaaaa · age_up castle |
| 14:57 | Blaaaa · first_building Siege Workshop |
| 15:00 | FUFU · age_up castle |
| 15:32 | Torpedo · wall_segment Palisade Wall x1 |
| 15:34 | Torpedo · wall_segment Palisade Wall x1 |
| 15:47 | Torpedo · first_market_buy 100 food |
| 15:53 | word马亚 · age_up castle |
| 15:55 | 騎豬打仗 · age_up castle |
| 16:01 | word马亚 · first_building Siege Workshop |
| 16:08 | 0.o · first_market_buy 100 food |
| 16:10 | Feather的貓 · age_up castle |
| 16:28 | 痛果牧羊人 · age_up castle |
| 16:31 | Torpedo · first_market_sell 100 wood |
| 16:35 | Feather的貓 · first_market_sell 100 food |
| 17:16 | Feather的貓 · wall_segment Palisade Wall x7 |
| 17:17 | Feather的貓 · wall_segment Palisade Wall x1 |
| 17:23 | 騎豬打仗 · first_market_buy 100 wood |
| 17:31 | word马亚 · first_building Barracks |
| 17:58 | 痛果牧羊人 · first_building Siege Workshop |
| 18:56 | 騎豬打仗 · wall_segment Palisade Wall x1 |
| 18:57 | 騎豬打仗 · wall_segment Palisade Wall x1 |
| 18:58 | 0.o · age_up castle |
| 19:04 | Torpedo · age_up castle |
| 19:05 | Torpedo · first_building Siege Workshop |
| 19:28 | Feather的貓 · wall_segment Palisade Wall x5 |
| 19:28 | 騎豬打仗 · wall_segment Palisade Wall x1 |
| 19:29 | 騎豬打仗 · wall_segment Palisade Wall x1 |
| 19:31 | 騎豬打仗 · wall_segment Palisade Wall x1 |
| 19:32 | 騎豬打仗 · wall_segment Palisade Wall x1 |
| 19:47 | 騎豬打仗 · first_market_sell 100 stone |
| 20:15 | FUFU · first_building Siege Workshop |
| 20:18 | word马亚 · first_building Stable |
| 20:20 | Feather的貓 · wall_segment Palisade Wall x4 |
| 20:44 | FUFU · first_market_sell 100 wood |
| 21:38 | Torpedo · first_building Castle |
| 22:39 | 痛果牧羊人 · first_building Monastery |
| 23:31 | word马亚 · first_market_buy 100 food |
| 23:44 | word马亚 · wall_segment Stone Wall x1 |
| 24:04 | FUFU · wall_segment Stone Wall x1 |
| 24:38 | 0.o · first_building Castle |
| 24:46 | word马亚 · first_building Monastery |
| 25:10 | 痛果牧羊人 · first_building Castle |
| 28:05 | word马亚 · first_building Castle |
| 28:17 | Feather的貓 · first_building Barracks |
| 29:10 | Feather的貓 · first_building Stable |
| 30:32 | 0.o · first_building Monastery |
| 30:44 | Blaaaa · first_building Castle |
| 31:00 | Feather的貓 · age_up imperial |
| 31:53 | 0.o · first_market_sell 100 wood |
| 32:15 | Torpedo · first_building Barracks |
| 32:39 | Blaaaa · wall_segment Stone Wall x2 |
| 33:59 | FUFU · resign |
| 34:01 | word马亚 · first_market_sell 500 wood |
| 34:17 | word马亚 · age_up imperial |
[ AI ANALYSIS · 1 CREDIT ]
What really happened in this match?
Wolo.gg analyzes every decision: build order, eco, micro, common mistakes by bracket. Personalized analysis on WhatsApp or Discord in 30 seconds.
Civ guide
Italians
Perfil
Jugador #331084